 Dungeon Crawl Stone Soup version 0.19-a0-1823-g21c7ecd (webtiles) character file.

5147 Naow the Severer (level 10, -6/117 HPs)
             Began as a Minotaur Berserker on Oct 7, 2016.
             Was a High Priest of Trog.
             Mangled by an orc warrior
             ... wielding a +0 halberd
              (19 damage)
             ... on level 8 of the Dungeon.
             The game lasted 00:23:56 (8241 turns).

Naow the Severer (Minotaur Berserker)               Turns: 8241, Time: 00:23:59

Health: -6/117     AC: 13    Str: 27    XL:     10   Next: 33%
Magic:  9/9        EV:  8    Int:  7    God:    Trog [*****.]
Gold:   239        SH:  0    Dex: 10    Spells: 0 memorised, 9 levels left

rFire  + . .     SeeInvis +     w - +1 hand axe (flame)
rCold  x . .     Gourm    .     i - +0 plate armour
rNeg   . . .     Faith    .     (no shield)
rPois  .         Spirit   .     f - +0 hat {SInv}
rElec  .         Dismiss  .     (no cloak)
rCorr  .         Reflect  .     (no gloves)
MR     .....     Harm     .     (no boots)
Stlth  ..........               (no amulet)
                                (no ring)
                                m - ring of fire

@: berserking, very quick
A: retaliatory headbutt, horns 2
a: Berserk, Trog's Hand, Brothers in Arms, Burn Spellbooks, Renounce Religion


You were on level 8 of the Dungeon.
You worshipped Trog.
Trog was extremely pleased with you.
You were hungry.

You visited 1 branch of the dungeon, and saw 8 of its levels.

You collected 239 gold pieces.

Inventory:

Hand Weapons
 a - a +0 hand axe
 w - a +1 hand axe of flaming (weapon)
Armour
 b - a +0 animal skin
 f - a +0 hat of see invisible (worn)
 i - a +0 plate armour (worn)
 l - a +0 ring mail
 G - a +2 hat
Jewellery
 m - a ring of fire (left hand)
Scrolls
 d - 2 scrolls of magic mapping {unknown}
 j - 2 scrolls of blinking {unknown}
 o - 3 scrolls of remove curse {unknown}
 p - a scroll of noise {unknown}
 q - a scroll of enchant weapon {unknown}
 r - 4 scrolls of teleportation {unknown}
 s - 2 scrolls of fear {unknown}
 v - 2 scrolls of amnesia {unknown}
 y - a scroll of immolation {unknown}
 D - a scroll of recharging {unknown}
 F - 3 scrolls of identify
 J - a scroll of fog {unknown}
Potions
 e - 2 potions of magic
 n - a potion of invisibility
 t - 2 potions of haste
 u - 2 potions of lignification {unknown}
 x - 2 potions of degeneration {unknown}
 z - a potion of cure mutation {unknown}
 A - a potion of brilliance
 B - a potion of mutation
 C - 2 potions of curing {unknown}
 H - a potion of agility {unknown}
 K - a potion of heal wounds
 L - a potion of ambrosia {unknown}
Books
 I - a book of Callings

   Spells                             Type                      Level
   a - Summon Small Mammal            Summoning                    1
   b - Call Imp                       Summoning                    2
   c - Call Canine Familiar           Summoning                    3
   d - Summon Guardian Golem          Hexes/Summoning              3
   e - Summon Lightning Spire         Summoning/Air                4
   f - Summon Ice Beast               Ice/Summoning                4
   Trog disapproves of the use of such an item.
Comestibles
 c - 5 bread rations
 g - a meat ration
 h - 3 slices of pizza
 k - 2 beef jerkies
 E - 19 chunks of flesh


   Skills:
 - Level 3.9 Fighting
 - Level 16.2 Axes
 + Level 6.8 Armour
 - Level 2.3 Dodging


You had 9 spell levels left.
You didn't know any spells.

Dungeon Overview and Level Annotations

Branches:
Dungeon (8/15)             Temple (0/1) D:6
   Lair: D:8-11

Altars:
Elyvilon
Nemelex Xobeh
Xom
The Shining One

Annotations:
D:8 1 runed door


Innate Abilities, Weirdness & Mutations

You reflexively headbutt those who attack you in melee.
You have a pair of horns on your head.


Message History

The black bear barely misses you.
The black bear claws you but does no damage.
Things that are here:
a dagger; a robe; an orc corpse You feel less exhausted.
A red film seems to cover your vision as you go berserk!
You feel yourself moving faster!
You feel mighty!
You are feeling hungry.
The black bear bites you but does no damage.
The black bear closely misses you. The black bear barely misses you.
You are too injured to fight recklessly!
You are too injured to fight recklessly!
You slash the black bear! You burn the black bear.
The black bear is severely wounded.
The black bear bites you but does no damage.
The black bear claws you but does no damage.
The black bear claws you.
* * * LOW HITPOINT WARNING * * *
The orc warrior hits you from afar with a halberd!!
You die...

# .# ###.###
#.....#
#.#######.###.#
#.......#)#3#.#
#.#####.#o#+#.#
#.#####.#h....#
#.##....@...###
#.##.##.#####
#.##.##.#
#.......#
####.##.####
#.......#
#####)##........
#...))......##.#
#.###)##.#..#


You could see an orc warrior and a black bear.

Vanquished Creatures
  The ghost of Psaro the Basher, a novice OgBe of Trog (D:5)
  2 hippogriffs (D:7)
  A slime creature (D:7)
  Sigmund (D:2)
  A sky beast (D:6)
  An ice beast (D:6)
  2 orc warriors
  2 phantoms
  A necrophage (D:6)
  6 ogres
  A black bear (D:8)
  A centaur (D:5)
  A big kobold (D:7)
  6 bullfrogs
  A scorpion (D:5)
  12 killer bees (D:7)
  3 crimson imps
  A quasit (D:7)
  8 orc priests
  4 hounds
  9 jellies (D:7)
  2 bullfrog skeletons
  Natasha (twice) (D:3)
  2 iguanas
  11 orc wizards
  4 worker ants
  A hound zombie (D:6)
  10 adders
  3 gnolls (D:4)
  A shadow imp (D:7)
  14 oozes
  2 adder zombies (D:7)
  An adder skeleton (D:4)
  3 worms
  4 dart slugs
  2 leopard geckos (D:2)
  44 orcs
  4 giant cockroaches
  6 goblins
  11 hobgoblins
  7 jackals
  5 quokkas
  7 bats
  8 frilled lizards
  11 kobolds
  A quokka skeleton (D:6)
  8 rats
239 creatures vanquished.

Vanquished Creatures (others)
  6 fungi (D:7)
6 creatures vanquished.

Grand Total: 245 creatures vanquished

Notes
Turn   | Place    | Note
-------+----------+-------------------------------------------
     0 | D:1      | Naow the Minotaur Berserker began the quest for the Orb.
     0 | D:1      | Reached XP level 1. HP: 19/19 MP: 0/0
   125 | D:1      | Reached XP level 2. HP: 23/27 MP: 1/1
   167 | D:1      | Reached skill level 4 in Axes
   781 | D:2      | Reached XP level 3. HP: 33/33 MP: 2/2
   867 | D:2      | Reached skill level 5 in Axes
   949 | D:2      | Reached ** piety under Trog
   957 | D:2      | Noticed Sigmund
   962 | D:2      | Killed Sigmund
   962 | D:2      | Reached skill level 7 in Axes
   962 | D:2      | Reached XP level 4. HP: 40/40 MP: 3/3
   962 | D:2      | Reached XP level 5. HP: 46/46 MP: 4/4
  1998 | D:3      | Found a white marble altar of Elyvilon.
  2083 | D:3      | Reached XP level 6. HP: 48/52 MP: 5/5
  2090 | D:3      | Noticed Natasha
  2097 | D:3      | Killed Natasha
  2097 | D:3      | Reached skill level 8 in Axes
  2505 | D:3      | Noticed Natasha
  2527 | D:3      | Killed Natasha
  2788 | D:3      | Reached *** piety under Trog
  2890 | D:4      | Reached skill level 9 in Axes
  3201 | D:4      | Reached XP level 7. HP: 31/58 MP: 6/6
  3519 | D:4      | Reached skill level 10 in Axes
  4040 | D:5      | Entered Level 5 of the Dungeon
  4080 | D:5      | Noticed Psaro's ghost (novice OgBe)
  4093 | D:5      | Killed Psaro's ghost
  4093 | D:5      | Reached skill level 11 in Axes
  4093 | D:5      | Reached XP level 8. HP: 49/66 MP: 7/7
  4251 | D:5      | Reached skill level 12 in Axes
  4305 | D:5      | Found a glowing golden altar of the Shining One.
  4765 | D:5      | Reached skill level 13 in Axes
  4766 | D:5      | Found a sparkling altar of Nemelex Xobeh.
  5366 | D:6      | Found a staircase to the Ecumenical Temple.
  5406 | D:6      | Reached **** piety under Trog
  5629 | D:6      | Reached XP level 9. HP: 63/71 MP: 8/8
  5677 | D:6      | Reached skill level 14 in Axes
  6277 | D:7      | Reached skill level 15 in Axes
  6904 | D:7      | Reached skill level 16 in Axes
  6913 | D:7      | Reached ***** piety under Trog
  6928 | D:7      | Reached XP level 10. HP: 16/76 MP: 9/9
  7098 | D:7      | HP: 3/76 [orc warrior/war axe (20)]
  7101 | D:7      | HP: 1/78 [orc warrior/war axe (21)]
  7670 | D:7      | Reached skill level 5 in Armour
  7979 | D:7      | Found a shimmering altar of Xom.
  8216 | D:8      | Found a runed door.
  8225 | D:8      | Noticed a sixfirhy
  8241 | D:8      | Mangled by an orc warrior

Vault maps used:
D:1:      onia_arrival_mini_spirals
D:2:      uniq_sigmund
D:3:      lemuel_upstairs_altar, elyvilon_altar_1,
          nicolae_overflow_hidden_temple, first_bread,
          minmay_misc_feat_enclosed, uniq_natasha
D:4:      minmay_misc_feat_doors, glass_columns_c, minmay_misc_feat_x
D:5:      cheibrodos_two_vegetables, kennysheep_mini_moat, serial_shops, shop,
          nemelex_dance_club_becter, uniq_blork_the_orc
D:7:      lemuel_slime, tgw_xom
D:8:      cheibrodos_shockbox

Skill      XL: |  1  2  3  4  5  6  7  8  9 10 |
---------------+-------------------------------+-----
Axes           | 4 7 9 11 13 16 | 16.2
Armour         | 6 |  6.8
Fighting       | |  3.9
Dodging        | |  2.3

Action                   |  1- 3 |  4- 6 |  7- 9 | 10-12 || total
-------------------------+-------+-------+-------+-------++-------
Melee: Hand axe          |    57 |   121 |   284 |   122 ||   584
       Headbutt          |     7 |    13 |    40 |    21 ||    81
Invok: Berserk           |     1 |     3 |    11 |     3 ||    18
       Trog's Hand       |     1 |     1 |       |     1 ||     3
       Burn Spellbooks   |       |       |       |     1 ||     1
  Use: Scroll            |       |       |     5 |       ||     5
       Potion            |       |       |       |     2 ||     2
 Stab: Sleeping          |     1 |       |       |       ||     1
  Eat: Chunk             |       |    11 |    22 |     4 ||    37
       Fruit             |       |       |     1 |     2 ||     3
       Beef jerky        |       |       |       |     1 ||     1
Armor: Animal skin       |    13 |    18 |     9 |       ||    40
       Ring mail         |       |       |    37 |    16 ||    53
       Plate armour      |       |       |       |    58 ||    58
Dodge: Dodged            |    45 |    68 |   117 |    52 ||   282
